 Dungeon Crawl Stone Soup version 0.17-a0-1760-ga6756ae (webtiles) character file.

56 Yevrel the Skirmisher (level 3, -6/29 HPs)
             Began as a Demonspawn Abyssal Knight on Sept 3, 2015.
             Was a Believer of Lugonu.
             Killed by divine providence
             ... invoked by an orc priest
              (10 damage)
             ... on level 3 of the Dungeon.
             The game lasted 00:16:19 (2664 turns).

Yevrel the Skirmisher (Demonspawn Abyssal Knight)   Turns: 2664, Time: 00:16:19

Health: -6/29      AC:  9    Str: 13    XL:     3   Next: 71%
Magic:  0/5        EV:  6    Int: 13    God:    Lugonu [**....]
Gold:   153        SH:  0    Dex: 12    Spells: 0 memorised, 2 levels left

rFire  . . .     SeeInvis .     j - +0 spear
rCold  . . .     Clarity  .     g - +0 chain mail
rNeg   . . .     SustAt   .     (no shield)
rPois  .         Gourm    .     (no helmet)
rElec  .         Spirit   +     (no cloak)
rCorr  .         Warding  .     n - +0 pair of gloves
rMut   .         Stasis   .     (no boots)
MR     .....                    (no amulet)
Stlth  ..........               (no ring)
                                (no ring)

@: not resistant to hostile enchantments, extremely unstealthy
A: talons 1, magic shield
a: Depart the Abyss, Bend Space, Renounce Religion


You were on level 3 of the Dungeon.
You worshipped Lugonu.
Lugonu was pleased with you.
You were not hungry.

You visited 1 branch of the dungeon, and saw 3 of its levels.
You visited the Abyss 1 time.

You collected 153 gold pieces.

Inventory:

Hand weapons
 a - a +1 hand axe
 j - a +0 spear (weapon)
Missiles
 h - 21 arrows
 i - 106 stones (quivered)
 p - 7 bolts of penetration
Armour
 b - a +0 leather armour
 e - a +1 ring mail
 g - a +0 chain mail (worn)
 l - a +0 scale mail
 n - a +0 pair of gloves (worn)
Scrolls
 k - 2 scrolls of identify
 m - a scroll of fog
 q - a scroll of blinking {unknown}
Potions
 r - a potion of curing {unknown}
Comestibles
 c - a bread ration
 d - 3 fruits


   Skills:
 + Level 3.5 Fighting
 + Level 2.2 Axes
 + Level 2.2 Armour
 + Level 1.4 Dodging
 + Level 0.2 Stealth
 + Level 3.0 Invocations


You had 2 spell levels left.
You didn't know any spells.

Dungeon Overview and Level Annotations

Branches:
Dungeon (3/15)

Altars:
Okawaru
Qazlal
Ru


Innate Abilities, Weirdness & Mutations

You have sharp toenails.
When hurt, damage is shared between your health and your magic reserves.


Message History

Your chain mail prevents you from hitting the ball python.
The orc shouts!
You claw the ball python.
The ball python is moderately wounded.
The ball python bites you. The ball python constricts you.
An orc comes into view. It is wielding a short sword.
The orc shouts!
You hit the ball python.
You kill the ball python!
Lugonu accepts your kill.
An orc priest comes into view. It is wielding a club.
The orc priest shouts!
The orc priest calls down the wrath of Beogh upon you.
Something smites you!
* * * LOW HITPOINT WARNING * * *
The orc priest looks braver for a moment.
An adder comes into view.
The orc priest calls down the wrath of Beogh upon you.
Something smites you!
You die...

##.#.### #....#
##......##.....#
##..............#
#...............#
#...............#
##.........######
###.........#
#...###.....#
##### #.@..##
##...# #....#
#o#....... #o
..##... .o #.# ..
..# .# . #o# ..
S. ..#


You could see 2 orc priests and 2 orcs.

Vanquished Creatures
  2 adders (D:2)
  2 worms
  2 giant geckos
  5 bats
  3 goblins (D:2)
  4 hobgoblins (D:1)
  5 kobolds
  A quokka (D:2)
  2 ball pythons
  2 giant newts
  7 rats
35 creatures vanquished.

Vanquished Creatures (others)
  A hobgoblin (D:1)
1 creature vanquished.

Grand Total: 36 creatures vanquished

Notes
Turn   | Place    | Note
--------------------------------------------------------------
     0 | Abyss:1  | Yevrel the Demonspawn Abyssal Knight began the quest for the Orb.
     0 | Abyss:1  | Reached XP level 1. HP: 18/18 MP: 2/2
   141 | D:1      | Escaped the Abyss
   401 | D:1      | Acquired Lugonu's first power
   402 | D:1      | Gained mutation: You have sharp toenails. [demonic ancestry]
   402 | D:1      | Reached XP level 2. HP: 21/24 MP: 4/4
   651 | D:1      | Reached skill level 1 in Dodging
  1464 | D:2      | Found a stormy altar of Qazlal.
  1644 | D:2      | Gained mutation: When hurt, damage is shared between your health and your magic reserves. [demonic ancestry]
  1644 | D:2      | Reached XP level 3. HP: 16/29 MP: 5/5
  1787 | D:2      | Found a sacrificial altar of Ru.
  2320 | D:2      | Found an iron altar of Okawaru.
  2466 | D:2      | Acquired Lugonu's second power
  2664 | D:3      | Killed from afar by an orc priest

Vault maps used:
D:1:      minmay_arrival_checkered_box, lemuel_flame_loot_1
D:2:      nicolae_overflow_crystal_walls, lemuel_round_altar, serial_aquarium,
          aquarium_bridge_square, aquarium_bridge_long_separate,
          aquarium_window_fake, aquarium_window_2, aquarium_view_2e,
          aquarium_balcony_double_4, lemuel_statue_altar
D:3:      led_xom_imps, ecumenical_altar_1

Action                   || total
-------------------------++-------
Melee: Hand axe          ||   101
       Spear             ||    15
Invok: Depart the Abyss  ||     1
  Use: Scroll            ||     7
       Potion            ||     2
 Stab: Sleeping          ||     1
  Eat: Beef jerky        ||     2
       Bread ration      ||     1
